 Dungeon Crawl Stone Soup version 0.13.0-6-g40e4d2d (webtiles) character file.

1503 Psiweapon the Covered (level 8, -7/70 HPs)
             Began as a Minotaur Fighter on Oct 15, 2013.
             Was a Follower of Okawaru.
             Killed by divine providence
             ... invoked by an orc priest
              (12 damage)
             ... on Level 7 of the Dungeon.
             The game lasted 00:21:28 (4641 turns).

Psiweapon the Covered (Minotaur Fighter)            Turns: 4641, Time: 00:21:28

HP  -7/70        AC 19     Str 23      XL: 8   Next: 30%
MP   1/2         EV  6     Int  5      God: Okawaru [*.....]
Gold 213         SH 26     Dex 10      Spells:  0 memorised,  7 levels left

Res.Fire  : . . .   See Invis. : .   a - +0 hand axe {=f}
Res.Cold  : . . .   Warding    : .   x - +1 plate armour
Life Prot.: . . .   Conserve   : .   c - +0 shield
Res.Poison: .       Res.Corr.  : .   (helmet restricted)
Res.Elec. : .       Clarity    : .   (no cloak)
Sust.Abil.: . .     Spirit.Shd : .   F - +0 pair of gloves
Res.Mut.  : .       Stasis     : .   t - +0 pair of boots (curse)
Res.Rott. : .       Flight     : .   (no amulet)
Saprovore : . . .                    (no ring)
                                     (no ring)

@: heroism, slightly resistant to hostile enchantments, extremely unstealthy
A: retaliatory headbutt, horns 2
a: Heroism, Renounce Religion


You were on level 7 of the Dungeon.
You worshipped Okawaru.
Okawaru was aware of your devotion.
You were not hungry.

You visited 1 branch of the dungeon, and saw 7 of its levels.

You collected 193 gold pieces.

Inventory:

Hand weapons
 a - a +0,+0 hand axe (weapon) {=f}
 p - a cursed +0,+0 dagger
 z - a +0,+0 glaive of flaming
 C - a +4,+3 quarterstaff of chaos
Missiles
 m - 15 darts (quivered)
Armour
 b - a +0 scale mail
 c - a +0 shield (worn)
 t - a cursed +0 pair of boots (worn)
 x - a +1 plate armour (worn)
 F - a +0 pair of gloves (worn)
Magical devices
 y - a wand of confusion (3)
Comestibles
 d - 6 bread rations
 h - 23 sultanas
 B - a sausage
Scrolls
 e - 3 scrolls of teleportation
 f - a scroll of enchant armour
 g - 2 scrolls of enchant weapon I
 j - a scroll of blinking
 k - 2 scrolls of identify
 o - 2 scrolls of curse armour
 u - a scroll of curse weapon
 w - a scroll of curse jewellery {unknown}
 D - 4 scrolls of random uselessness {unknown}
 E - a scroll of remove curse {unknown}
Potions
 i - a potion of experience {unknown}
 n - a potion of paralysis {unknown}
 q - a potion of cure mutation {unknown}
 s - 3 potions of heal wounds
 v - 2 potions of flight
 A - a potion of magic {unknown}
 G - a potion of curing {unknown}
Books
 I - a book of the Dragon

   Spells                             Type                      Level
   Flight                             Charms/Air                   3
   Cause Fear                         Hexes                        4
   Bolt of Fire                       Conjuration/Fire             6
   Dragon Form                        Transmutation                7
   Summon Dragon                      Summoning                    9


   Skills:
 + Level 7.1(12.1) Fighting
 + Level 6.1(11.1) Axes
 + Level 7.2(12.2) Armour
 + Level 7.0(12.0) Shields


You had 7 spell levels left.
You didn't know any spells.

Dungeon Overview and Level Annotations

Branches:
Dungeon (7/27)
 Temple: D:4-7          Orc: D:6-11

Altars:
Cheibriados
Fedhas
Makhleb
Nemelex Xobeh
Okawaru
Sif Muna
Xom

Shops:
D:6 [

Annotations:
D:4 Kabixx's ghost, average MiFi
D:7 Sigmund


Innate Abilities, Weirdness & Mutations

You reflexively headbutt those who attack you in melee.
You have a pair of horns on your head.


Message History

The ice beast is severely wounded.
You hit the orc.
The orc is moderately wounded.
You hit the orc warrior but do no damage.
You headbutt the orc warrior, but do no damage.
The orc warrior is lightly wounded.
The orc priest invokes the aid of Beogh against you.
Something smites you!
* * * LOW HITPOINT WARNING * * *
You block the orc's attack. The ice beast closely misses you.
The orc warrior hits you with an orcish flail.
* * * LOW HITPOINT WARNING * * *
Throwing (i - inventory. (,) - cycle):
m - 16 darts (quivered)
Press: ? - help, Shift-Dir - straight line, f - orc priest
Aim: an orc priest, wielding an orcish trident You throw a dart.
The dart hits the ice beast.
The ice beast is severely wounded.
The orc priest invokes the aid of Beogh against you.
Something smites you!
You die...

...................
.. .........o........
..
.##.##...#.##..###..#
# #.
#.##...#.##..###..#.
#
....................
.#
....................
..
.#######.o5......#.
.# ###Io.##..# #
#@o.# .. .. #..).# ..
##...# .. ...... ..
##.!##. . ... . #
..## # ... .


You could see an orc warrior, an ice beast, an orc priest, a crimson imp and an
orc.

Vanquished Creatures
  Menkaure (D:5)
  2 sky beasts
  An ogre (D:5)
  A phantom (D:4)
  Blork the orc (D:5)
  A giant frog (D:6)
  3 crimson imps
  A giant frog zombie (D:5)
  2 orc priests
  Crazy Yiuf (D:5)
  A hound (D:6)
  3 orc wizards
  5 worker ants
  An ogre zombie (D:5)
  A worker ant zombie (D:4)
  9 adders
  A gnoll (D:1)
  3 giant mites
  2 worms
  18 orcs
  A ball python (D:3)
  A giant mite zombie (D:6)
  5 goblins
  13 hobgoblins
  4 jackals
  2 quokkas
  11 bats
  8 giant cockroaches
  3 giant geckos
  5 giant newts
  A hobgoblin zombie (D:5)
  6 kobolds
  A quokka skeleton (D:5)
  16 rats
135 creatures vanquished.

Notes
Turn   | Place    | Note
--------------------------------------------------------------
     0 | D:1      | Psiweapon, the Minotaur Fighter, began the quest for the Orb.
     0 | D:1      | Reached XP level 1. HP: 19/19 MP: 0/0
   129 | D:2      | Found a shimmering altar of Xom.
   132 | D:2      | Found a burning altar of Makhleb.
   151 | D:3      | Found a sparkling altar of Nemelex Xobeh.
   363 | D:1      | Reached XP level 2. HP: 21/26 MP: 0/0
   375 | D:1      | Reached skill level 4 in Armour
   464 | D:1      | Reached XP level 3. HP: 25/33 MP: 1/1
  1830 | D:3      | Noticed a worker ant
  1836 | D:3      | Killed a worker ant
  1836 | D:3      | Reached XP level 4. HP: 40/40 MP: 1/1
  2023 | D:3      | Noticed an orc priest
  2036 | D:3      | Killed an orc priest
  2036 | D:3      | Reached XP level 5. HP: 24/46 MP: 1/1
  2275 | D:4      | Noticed Kabixx's ghost (average MiFi)
  2458 | D:3      | Reached skill level 5 in Armour
  2706 | D:4      | Noticed a sky beast
  2725 | D:4      | Found a snail-covered altar of Cheibriados.
  2725 | D:4      | Noticed a phantom
  2791 | D:5      | Entered Level 5 of the Dungeon
  2816 | D:5      | Reached skill level 5 in Fighting
  2894 | D:4      | Killed a sky beast
  2894 | D:4      | Reached skill level 5 in Shields
  2894 | D:4      | Reached XP level 6. HP: 46/53 MP: 2/2
  2895 | D:4      | Killed a phantom
  2910 | D:5      | Noticed an ogre
  2916 | D:5      | Killed an ogre
  3031 | D:5      | Noticed Menkaure
  3038 | D:5      | Killed Menkaure
  3038 | D:5      | Reached skill level 6 in Fighting
  3038 | D:5      | Reached XP level 7. HP: 32/61 MP: 2/2
  3189 | D:5      | Found an iron altar of Okawaru.
  3196 | D:5      | Became a worshipper of Warmaster Okawaru
  3198 | D:5      | Reached skill level 5 in Axes
  3225 | D:5      | Noticed Blork the orc
  3240 | D:5      | Killed Blork the orc
  3428 | D:5      | Noticed Crazy Yiuf
  3434 | D:5      | Killed Crazy Yiuf
  3978 | D:5      | Found a blossoming altar of Fedhas.
  3978 | D:5      | Found a deep blue altar of Sif Muna.
  3997 | D:6      | Found Wiluux's Armour Emporium.
  4052 | D:6      | Acquired Okawaru's first power
  4052 | D:6      | Reached XP level 8. HP: 69/69 MP: 2/2
  4290 | D:6      | Reached skill level 7 in Fighting
  4591 | D:7      | Noticed Sigmund
  4641 | D:7      | Killed from afar by an orc priest

Action                   |  1- 3 |  4- 6 |  7- 9 || total
-------------------------+-------+-------+-------++-------
Melee: Hand axe          |    81 |   137 |   192 ||   410
Throw: Javelin           |     7 |    21 |    21 ||    49
       Dagger            |     4 |       |     2 ||     6
       Dart              |     2 |       |     4 ||     6
Invok: Heroism           |       |       |     1 ||     1
  Use: Scroll            |       |     8 |       ||     8
       Potion            |       |     1 |     2 ||     3
